 Dungeon Sprint DCSS version 0.25.1-2-g60ff931df9 (webtiles) character file.

Game seed: 14984489529604496381

31467 sahdkjhfkaj the Devastator (level 13, -13/91 HPs)
             Began as a Barachi Air Elementalist on Nov 18, 2020.
             Was the Champion of Cheibriados.
             Shot with a bolt by a yaktaur captain (24 damage)
             ... in the Dungeon (Sprint III: "The Ten Rune Challenge").
             The game lasted 00:26:51 (6481 turns).

sahdkjhfkaj the Devastator (BaAE)                   Turns: 6481, Time: 00:26:51

Health: -13/91     AC:  7    Str: 26    XL:     13   Next: 58%
Magic:  50/50      EV: 23    Int: 38    God:    Cheibriados [******]
Gold:   2397       SH:  0    Dex: 28    Spells: 22/42 levels left

rFire    + + .     SeeInvis .   a - +1 long sword (holy)
rCold    + + .     Gourm    .   (no shield)
rNeg     + + +     Faith    .   j - +2 robe {rC+}
rPois    .         Spirit   .   o - +0 hat
rElec    .         Reflect  .   p - scarf {rC+ rF+}
rCorr    .         Harm     .   w - +2 pair of gloves "Fovuna Qupt" {rN++}
MR       .....     NoTele   +   (no boots)
Stlth    ++++......             (no amulet)
HPRegen  0.25/turn              u - ring of the Cicada {rF+ rN+ MP+9 Stlth+}
MPRegen  0.32/turn              v - ring of Paranoia {MP+9 Int+4}

@: very slow
A: +LOS, swims, slowness 1, strong legs 2
a: Hop, Bend Time, Temporal Distortion, Slouch, Step From Time, Renounce
Religion


You were in the Dungeon.
You worshipped Cheibriados.
Cheibriados was exalted by your worship.
You were not hungry.

You visited 1 branch You collected 2397 gold pieces.

Inventory:

Hand Weapons
 a - a +1 long sword of holy wrath (weapon)
Missiles
 b - 9 throwing nets (quivered)
 d - 6 curare-tipped darts
Armour
 j - a +2 robe of cold resistance (worn)
 o - a +0 hat (worn)
 p - a scarf of resistance (worn)
 w - the +2 pair of gloves "Fovuna Qupt" (worn) {rN++}
   (You found it in the Dungeon)

   It greatly protects you from negative energy.
Jewellery
 u - the ring of the Cicada (left hand) {rF+ rN+ MP+9 Stlth+}
   (You found it in the Dungeon)

   [ring of positive energy]

   It protects you from fire.
   It protects you from negative energy.
   It affects your magic capacity (+9).
   It makes you more stealthy.
 v - the ring of Paranoia (right hand) {MP+9 Int+4}
   (You found it in the Dungeon)

   [ring of magical power]

   It affects your intelligence (+4).
   It affects your magic capacity (+9).
Wands
 t - a wand of paralysis (5)
Scrolls
 h - a scroll of immolation
 k - 2 scrolls of remove curse
 m - a scroll of holy word
 s - 3 scrolls of amnesia
Potions
 c - 2 potions of haste
 e - 3 potions of mutation
 g - a potion of magic
 i - a potion of might
 l - 3 potions of flight
 n - a potion of berserk rage
 r - a potion of degeneration {unknown}
 x - a potion of curing
 z - a potion of brilliance {unknown}
Miscellaneous
 q - a tin of tremorstones (3/3)
Comestibles
 f - 11 rations


   Skills:
 - Level 5.0 Fighting
 - Level 10.0 Dodging
 - Level 1.7 Stealth
 + Level 10.3 Unarmed Combat
 - Level 15.0 Spellcasting
 - Level 20.0 Conjurations
 - Level 20.0 Air Magic
 - Level 10.0 Invocations
 - Level 5.0 Evocations


You had 22 spell levels left.
You knew the following spells:

 Your Spells              Type           Power        Failure   Level  Hunger
a - Shock                 Conj/Air       ####         0%          1    None
b - Airstrike             Air            ########..   0%          4    None
c - Mephitic Cloud        Conj/Pois/Air  #######.     0%          3    None
d - Lightning Bolt        Conj/Air       ########..   0%          5    None
A - Static Discharge      Conj/Air       ########     0%          3    None
B - Blink                 Tloc           N/A          1%          2    None
W - Swiftness             Chrm/Air       #######.     1%          2    None

Your spell library contained the following spells:

 Spells                   Type           Power        Failure   Level  Hunger
 Magic Dart               Conj           ####         0%          1    None
 Summon Small Mammal      Summ           ####         1%          1    None
 Call Imp                 Summ           ####....     1%          2    None
 Ensorcelled Hibernation  Hex/Ice        ####..       1%          2    None
 Slow                     Hex            ####....     1%          2    None
 Conjure Flame            Conj/Fire      #######.     1%          3    None
 Iskenderun's Battlesphe  Conj/Chrm      #######.     1%          5    None
 Conjure Ball Lightning   Conj/Air       ########..   1%          6    None
 Orb of Destruction       Conj           ########..   1%          7    ####...
 Bolt of Magma            Conj/Fire/Erth ######....   2%          5    None
 Confusing Touch          Hex            ####....     3%          3    None
 Gell's Gravitas          Tloc           ####......   3%          3    None
 Iron Shot                Conj/Erth      #######...   3%          6    None
 Cause Fear               Hex            ####......   12%         4    None
 Petrify                  Tmut/Erth      ####....     12%         4    None
 Spellforged Servitor     Conj/Summ      #######...   17%         7    ####...
 Lee's Rapid Deconstruct  Erth           ####......   32%         5    None
 Metabolic Englaciation   Hex/Ice        ####......   32%         5    None
 Yara's Violent Unravell  Hex/Tmut       ####......   32%         5    None
 Shadow Creatures         Summ           N/A          88%         6    None
 Malign Gateway           Summ/Tloc      ####......   100%        7    ####...
 Ring of Flames           Chrm/Fire      ####......   100%        7    ####...


Dungeon Overview and Level Annotations

Branches:
Dungeon (1/1)

Altars:
Cheibriados
Dithmenos
Elyvilon
Fedhas
Gozag
Hepliaklqana
Kikubaaqudgha
Makhleb
Nemelex Xobeh
Okawaru
Qazlal
Ru
Sif Muna
Trog
Uskayaw
Vehumet
Wu Jian
Xom
Yredelemnul
Zin
The Shining One
Beogh
Jiyva
Lugonu

Shops:
D *

Annotations:
D exclusion: 2 doors


Innate Abilities, Weirdness & Mutations

You can be seen from farther away. (+LOS)
You can swim through water.
You cover ground slowly.
You can hop long distances.


Message History

Unknown command.
Unknown command.
You start resting.
Magic restored.
Things that are here:
a +0 great sword of freezing; the elf skeleton of Duvessa
There is an open door here.
Things that are here:
a +0 war axe; an orc corpse A yaktaur and 2 yaktaur captains come into view.
The yaktaur captain shouts!
The yaktaur shouts!
The yaktaur captain wields a +0 arbalest.
The yaktaur captain shoots a bolt.
The bolt completely misses you.
The yaktaur captain wields a cursed -3 arbalest.
The yaktaur captain shoots a bolt.
The bolt hits you!!!
The yaktaur wields a +0 arbalest.
The yaktaur shoots a bolt.
The bolt hits you!!
The yaktaur captain shoots a bolt.
The bolt hits you!!
* * * LOW HITPOINT WARNING * * *
The yaktaur captain shoots a bolt.
The bolt hits you!!
You die...

#).#.##.###)#......#††.≈≈###
)#.#.##.#..##......#†.†≈≈≈≈#
.#..#..##..'.......#...≈≈≈≈#
▓▓▓▓▓▓▓▓▓▓▓#.......#...†...#
.....≈≈≈...#.......#.......#
≈≈≈≈≈≈≈♣♣P.'.......#.....††#
♣♣♣♣♣♣♣♣♣PP#.......#########
♣♣♣##)######## ♣♣♣♣♣♣♣♣♣
#...)@≈≈≈≈# ≈≈≈≈≈≈..#
#..)#.≈≈§§# ≈≈≈≈≈...#
#...#.#≈≈≈#
'≈≈≈≈○####+#####.#c≈≈≈#
#≈≈...°.°°.#.PPP.# #§≈≈§≈
#≈..+#######ooP.P# c≈≈≈§
#...# #..oPP# #≈≈≈ ....#
#....P# c≈≈ ##### #+##### #≈


You could see 2 yaktaur captains and a yaktaur.

Vanquished Creatures
  Rupert (D)
  A deep elf master archer (D)
  Gastronok (D)
  Dowan (D)
  A deep elf demonologist (D)
  A deep elf annihilator (D)
  2 dire elephants (D)
  2 deep elf death magi (D)
  Erolcha (D)
  4 death yaks (D)
  Urug (D)
  A deep elf knight (D)
  A death drake (D)
  A lindwurm (D)
  3 orc sorcerers (D)
  7 deep elf magi (D)
  2 elephants (D)
  2 black mambas (D)
  2 spiny frogs (D)
  Duvessa (D)
  A rime drake (D)
  A small abomination (D)
  A komodo dragon (D)
  3 wandering mushrooms (D)
  A queen bee (D)
  8 blink frogs (D)
  2 tyrant leeches (D)
  An orc high priest (D)
  5 redbacks (D)
  A shadow (D)
  A spatial vortex (D)
  3 orc warriors (D)
  A swamp drake (D)
  A necrophage (D)
  5 two-headed ogres (D)
  A water elemental (D)
  A scorpion (D)
  32 killer bees (D)
  An electric eel (D)
  A jelly (D)
  2 orc priests (D)
  4 orc wizards (D)
  A wizard (D)
  A necromancer (D)
  3 humans (D)
  A kobold demonologist (D)
  An ooze (D)
  7 orcs (D)
  3 rats (D)
  3 plants (D)
133 creatures vanquished.

Vanquished Creatures (others)
  2 hydras (D)
  11 plants (D)
13 creatures vanquished.

Grand Total: 146 creatures vanquished

Notes
Turn   | Place    | Note
-------+----------+-------------------------------------------
     0 | D        | sahdkjhfkaj the Barachi Air Elementalist began the quest
                  | for the Orb.
     0 | D        | Reached XP level 1. HP: 13/13 MP: 3/3
    76 | D        | Reached XP level 2. HP: 19/19 MP: 4/6
    99 | D        | Learned a level 2 spell: Swiftness
   137 | D        | Reached XP level 3. HP: 24/24 MP: 1/8
   202 | D        | Noticed a scorpion
   209 | D        | Killed a scorpion
   209 | D        | Reached skill level 5 in Spellcasting
   209 | D        | Reached skill level 5 in Conjurations
   209 | D        | Reached XP level 4. HP: 30/30 MP: 1/11
   326 | D        | Learned a level 3 spell: Static Discharge
   331 | D        | Learned a level 4 spell: Airstrike
   331 | D        | Noticed a water elemental
   402 | D        | Killed a water elemental
   402 | D        | Reached XP level 5. HP: 35/35 MP: 3/13
   484 | D        | Learned a level 5 spell: Lightning Bolt
   560 | D        | Noticed a shadow
   562 | D        | Killed a shadow
   562 | D        | Reached XP level 6. HP: 41/41 MP: 6/16
   635 | D        | Found a blossoming altar of Fedhas.
   635 | D        | Found a stormy altar of Qazlal.
   635 | D        | Found a snail-covered altar of Cheibriados.
   635 | D        | Found a burning altar of Makhleb.
   635 | D        | Found a shimmering altar of Xom.
   635 | D        | Noticed a spatial vortex
   636 | D        | Found a hazy altar of Hepliaklqana.
   636 | D        | Found an opulent altar of Gozag.
   636 | D        | Found a sparkling altar of Nemelex Xobeh.
   636 | D        | Found a corrupted altar of Lugonu.
   636 | D        | Found a viscous altar of Jiyva.
   638 | D        | Became a worshipper of Cheibriados the Contemplative
   641 | D        | Killed a spatial vortex
   641 | D        | Reached skill level 10 in Air Magic
   641 | D        | Reached XP level 7. HP: 46/46 MP: 4/18
   742 | D        | Found a glowing silver altar of Zin.
   746 | D        | Noticed a deep elf mage
   755 | D        | Killed a deep elf mage
   755 | D        | Reached * piety under Cheibriados
   755 | D        | Reached skill level 10 in Conjurations
   755 | D        | Reached skill level 10 in Spellcasting
   944 | D        | Found a glowing golden altar of the Shining One.
   944 | D        | Found a white marble altar of Elyvilon.
   958 | D        | Found a radiant altar of Vehumet.
   961 | D        | Reached XP level 8. HP: 60/60 MP: 16/22
   961 | D        | Reached ** piety under Cheibriados
   963 | D        | Found a shimmering blue altar of Sif Muna.
   963 | D        | Found an ancient bone altar of Kikubaaqudgha.
  1076 | D        | Found a hide-covered altar of Uskayaw.
  1076 | D        | Found an iron altar of Okawaru.
  1080 | D        | Reached skill level 5 in Fighting
  1080 | D        | Reached skill level 5 in Dodging
  1153 | D        | Found a roughly hewn altar of Beogh.
  1153 | D        | Found a bloodstained altar of Trog.
  1153 | D        | Found an ornate altar of the Wu Jian Council.
  1173 | D        | Found a basalt altar of Yredelemnul.
  1173 | D        | Found a shadowy altar of Dithmenos.
  1173 | D        | Found a sacrificial altar of Ru.
  1176 | D        | Reached *** piety under Cheibriados
  1246 | D        | Reached **** piety under Cheibriados
  1246 | D        | Reached skill level 5 in Invocations
  1246 | D        | Reached skill level 1 in Evocations
  1366 | D        | Noticed Erolcha
  1367 | D        | Killed Erolcha
  1367 | D        | Reached XP level 9. HP: 68/68 MP: 17/24
  1368 | D        | Noticed a two-headed ogre
  1371 | D        | Killed a two-headed ogre
  1371 | D        | Reached ***** piety under Cheibriados
  1371 | D        | Reached skill level 5 in Evocations
  1491 | D        | Noticed a two-headed ogre
  1510 | D        | Killed a two-headed ogre
  1590 | D        | Learned a level 2 spell: Blink
  1650 | D        | Reached ****** piety under Cheibriados
  1650 | D        | Reached XP level 10. HP: 74/74 MP: 24/26
  1653 | D        | Reached skill level 10 in Dodging
  1747 | D        | Found Hiat's General Store.
  1747 | D        | Noticed an orc sorcerer
  1747 | D        | Noticed an orc sorcerer
  1749 | D        | Noticed an orc sorcerer
  1750 | D        | Killed an orc sorcerer
  1750 | D        | Killed an orc sorcerer
  1750 | D        | Killed an orc sorcerer
  1918 | D        | Noticed a deep elf mage
  1918 | D        | Noticed a deep elf mage
  1918 | D        | Noticed a deep elf mage
  1918 | D        | Noticed a deep elf knight
  1918 | D        | Noticed a deep elf mage
  1923 | D        | Killed a deep elf mage
  1923 | D        | Reached XP level 11. HP: 79/79 MP: 23/29
  1924 | D        | Killed a deep elf mage
  1924 | D        | Reached skill level 15 in Spellcasting
  1926 | D        | Killed a deep elf knight
  1927 | D        | Killed a deep elf mage
  1930 | D        | Killed a deep elf mage
  2054 | D        | Learned a level 3 spell: Mephitic Cloud
  2067 | D        | Noticed a deep elf master archer
  2075 | D        | Identified the ring "Uzxeoh" {rElec rC+ Int+2}
  2075 | D        | Noticed a deep elf demonologist
  2076 | D        | Noticed a deep elf mage
  2077 | D        | Noticed a deep elf annihilator
  2077 | D        | Noticed a deep elf death mage
  2079 | D        | Killed a deep elf demonologist
  2080 | D        | Noticed a deep elf death mage
  2108 | D        | Identified the ring "Ynkokel" {Fire MP+9}
  2108 | D        | Noticed a deep elf mage
  2110 | D        | Killed a deep elf death mage
  2115 | D        | Reached skill level 15 in Air Magic
  2143 | D        | Killed a deep elf mage
  2145 | D        | Killed a deep elf annihilator
  2145 | D        | Reached skill level 10 in Invocations
  2386 | D        | HP: 2/79 [deep elf master archer/arrow (27)]
  3011 | D        | Killed a deep elf mage
  3011 | D        | Reached skill level 15 in Conjurations
  3048 | D        | Killed a deep elf death mage
  3539 | D        | Killed a deep elf master archer
  3539 | D        | Reached XP level 12. HP: 42/86 MP: 14/31
  3713 | D        | Identified the Tome of Enchanting Calling
  3713 | D        | Identified the Reference Book on Helpful Conjuration
  3715 | D        | Identified Akoh's Disquisition on the Gliding Rocks
  3721 | D        | Found the +6 lightning scales {run, rElec}
  3722 | D        | Got a coiled amber ring
  3722 | D        | Got a twitching marble ring
  3733 | D        | Got a pair of buzzing gloves
  3735 | D        | Identified the +2 pair of gloves "Fovuna Qupt" {rN++} (You
                  | found it in the Dungeon)
  3741 | D        | Identified the ring of the Cicada {rF+ rN+ MP+9 Stlth+}
                  | (You found it in the Dungeon)
  3744 | D        | Identified the ring of Paranoia {MP+9 Int+4} (You found it
                  | in the Dungeon)
  3936 | D        | Killed a four-headed hydra
  3992 | D        | Killed a five-headed hydra
  4389 | D        | Noticed Urug
  4392 | D        | Killed Urug
  5202 | D        | Noticed Rupert
  5220 | D        | Paralysed by Rupert for 4 turns
  5595 | D        | Paralysed by Rupert for 5 turns
  5603 | D        | Killed Rupert
  5688 | D        | Noticed a death yak
  5688 | D        | Noticed a death yak
  5689 | D        | Noticed a death yak
  5689 | D        | Noticed a death yak
  5692 | D        | Killed a death yak
  5692 | D        | Gained mutation: You can hop long distances. [Barachi
                  | growth]
  5692 | D        | Reached XP level 13. HP: 77/91 MP: 32/32
  5889 | D        | Noticed an azure jelly
  5889 | D        | Noticed an azure jelly
  5892 | D        | Noticed an azure jelly
  5892 | D        | Noticed an azure jelly
  5923 | D        | Noticed a dire elephant
  5923 | D        | Noticed a dire elephant
  5923 | D        | Noticed Gastronok
  5927 | D        | Killed a dire elephant
  5928 | D        | Killed a dire elephant
  5928 | D        | Killed Gastronok
  6178 | D        | Noticed Duvessa
  6178 | D        | Noticed Dowan
  6183 | D        | Killed Duvessa
  6190 | D        | Killed Dowan
  6190 | D        | Reached skill level 10 in Unarmed Combat
  6481 | D        | Noticed a yaktaur captain
  6481 | D        | Noticed a yaktaur captain
  6481 | D        | Shot with a bolt by a yaktaur captain

Illustrated notes

Levels and vault maps discovered:
D:        dungeon_sprint_mu [sprint_mu_entry_forest, sprint_mu_temple_rooms,
          sprint_mu_d1_spiders, sprint_mu_d2_genie, sprint_mu_d3_branching,
          sprint_mu_orc_legion, sprint_mu_elf_gauntlet, sprint_mu_hive_nellie,
          sprint_mu_lair_fedhas, sprint_mu_vaults_butterflies,
          sprint_mu_slime_circle, sprint_mu_shoals_archi,
          sprint_mu_snake_twists, sprint_mu_blade_basic,
          sprint_mu_crypt_chambers, sprint_mu_tomb_spiral,
          sprint_mu_vestibule_basic, sprint_mu_gehenna_hellfire,
          sprint_mu_dis_giant, sprint_mu_tartarus_statrot,
          sprint_mu_cocytus_islands, sprint_mu_zot1]

Skill      XL: |  1  2  3  4  5  6  7  8  9 10 11 12 13 |
---------------+----------------------------------------+-----
Spellcasting   | 3 5 6 7 8 10 11 12 14 15 | 15.0
Conjurations   | 2 4 5 6 9 10 17 18 20 | 20.0
Air Magic      | 4 6 7 9 10 11 12 14 15 18 20 | 20.0
Fighting       | 4 5 |  5.0
Dodging        | 3 8 9 10 | 10.0
Invocations    | 5 7 9 10 | 10.0
Evocations     | 4 5 |  5.0
Unarmed Combat | 10 | 10.3
Stealth        | |  1.7

Action                   |  1- 3 |  4- 6 |  7- 9 | 10-12 | 13-15 || total
-------------------------+-------+-------+-------+-------+-------++-------
Melee: Unarmed           |     9 |       |       |       |       ||     9
       Long sword        |       |       |     1 |       |    26 ||    27
       Punch             |       |       |       |       |     3 ||     3
 Cast: Shock             |    18 |     1 |     1 |     3 |     1 ||    24
       Airstrike         |       |     8 |     5 |    25 |     7 ||    45
       Lightning Bolt    |       |       |    16 |    46 |    24 ||    86
       Static Discharge  |       |       |     2 |     5 |       ||     7
       Blink             |       |       |     5 |     2 |       ||     7
       Mephitic Cloud    |       |       |       |     8 |       ||     8
Invok: Slouch            |       |       |       |     4 |       ||     4
       Step From Time    |       |       |       |     1 |       ||     1
 Abil: Hop               |     1 |       |       |       |       ||     1
  Use: Potion            |     2 |       |     1 |     2 |       ||     5
       Scroll            |       |       |     4 |     2 |       ||     6
  Eat: Ration            |       |       |     1 |     1 |       ||     2
       Chunk             |       |       |     1 |     2 |     2 ||     5
Armor: Robe              |     2 |       |       |     5 |     2 ||     9
Dodge: Dodged            |     5 |       |     9 |    40 |    21 ||    75
       Rpst.: Long sword |       |       |     3 |    11 |     3 ||    17
